Unix NetHack Version 5.0.0-0 post-release - last build May  4 2026 22:22:43 (774f63e81ad911689b3a0859ea89b322d5daca8d,branch:main).

Game began 2026-05-05 01:50:56, ended 2026-05-05 02:13:29.

Gadzook, neutral male human Wizard

                          |
            --- --       .---
          ---..--.   ----...   --
          |........  |.....--  .|
 |        -........---......--..--
 |.... | | ......................##-    ----
  -........ 0.............. .......#####.....-
 --......................................-
 |......................h.................|
 --.................?.f......G............|
 |.    -- |........%%.@..................--
 --       ---...>..................-- -- -
            --.|............----- .|
             ----......|..---     --
                ---.|.-----
                  -----
Gadzook the Conjurer      St:11 Dx:13 Co:13 In:18 Wi:12 Ch:13  Neutral
Dlvl:6  $:78 HP:0(40) Pw:42(52) AC:4  Xp:5/275 T:2578 

Latest messages:
 You see here 24 rocks.
 Click!  You trigger a rolling boulder trap!
 Fortunately for you, no boulder was released.
 A rock piercer suddenly drops from the ceiling!
 Its blow glances off your helm.
 The rock piercer bites!
 The magic-absorbing blade cancels the rock piercer!
 You kill the rock piercer!
 You miss the cave spider.
 The cave spider bites!
 You miss the cave spider.
 The cave spider bites!
 You miss the cave spider.
 The cave spider bites!
 The magic-absorbing blade cancels the cave spider!
 You kill the cave spider!
 The dwarf zombie hits!
 The dwarf zombie misses!
 In what direction?
 In what direction?
 The dwarf zombie hits!
 The magic-absorbing blade scares the gas spore!
 You kill the gas spore!
 Boom!
 You destroy it!
 You are caught in the gas spore's explosion!
 You feel tough!
 You must have been leading a healthy life-style.
 The garter snake bites!
 The magic-absorbing blade stuns the garter snake!
 You kill the garter snake!
 Y - a potion of confusion.
 You feel charismatic!
 You descend the stairs.
 Pick a monster, object or location.
 Pick a monster, object or location.
 The hill orc wields a crude dagger!
 The hill orc thrusts her crude dagger.
 The hill orc hits!
 You hit the hill orc!
 The hill orc thrusts her crude dagger.
 The hill orc hits!
 In what direction?
 You kill the hill orc!
 The magic missile bounces!
 The magic missile bounces!
 Catbeiri bites!
 You die...
 Do you want your possessions identified? [ynq] (y)
 Do you want to see your attributes? [ynq] (y)

Inventory:
 Coins    ('$')
  $ - 78 gold pieces
 Amulets  ('"')
  u - an uncursed amulet of magical breathing (being worn)
 Weapons  (')')
  X - 13 +0 darts
  I - a +1 dagger
  H - a +0 dagger
  W - the rustproof +0 Magicbane (weapon in right hand)
 Armor    ('[')
  N - an uncursed +0 dwarvish iron helm (being worn)
  r - an uncursed +0 pair of gauntlets of dexterity (being worn)
  O - an uncursed +0 pair of iron shoes (being worn)
  b - an uncursed +0 cloak of magic resistance (being worn)
 Comestibles  ('%')
  A - 2 uncursed food rations
  o - 2 uncursed tins of broiled goblin meat
  T - an uncursed lichen corpse
 Scrolls  ('?')
  i - an uncursed scroll of teleportation
 Potions  ('!')
  Y - a blessed potion of confusion
 Rings    ('=')
  e - an uncursed ring of poison resistance (on right hand)
 Tools    ('(')
  z - an uncursed stethoscope
  v - an uncursed towel

Gadzook the Wizard's attributes:

Background:
 You were a Conjurer, a level 5 male human Wizard.
 You were neutral, on a mission for Thoth
 who was opposed by Ptah (lawful) and Anhur (chaotic).
 You were right-handed.
 You were in the Gnomish Mines, on level 6.
 You entered the dungeon 2578 turns ago.
 It was nighttime.
 You had 275 experience points, 45 more were needed to attain level 6.

Basics:
 You had 0 out of 40 hit points.
 You had 42 out of 52 energy points (spell power).
 Your armor class was 4.
 Your wallet contained 78 zorkmids.
 Autopickup was on for '$?!/="+' plus thrown, with exceptions.

Final Characteristics:
 Your strength was 11 (limit:18/100).
 Your dexterity was 13 (limit:18).
 Your constitution was 13 (limit:18).
 Your intelligence was 18 (limit:18).
 Your wisdom was 12 (limit:18).
 Your charisma was 13 (limit:18).

Final Status:
 You weren't hungry.
 You were unencumbered.
 You were wielding a dagger.
 You were unskilled in dagger.

Final Attributes:
 You were piously aligned.
 You were magic-protected.
 You were poison resistant.
 You were telepathic.
 You could survive without air.
 You were warded.
 You are dead.

Miscellaneous:
 You encountered 1 bones level.
 Total elapsed playing time was 22 minutes and 32 seconds.

Major events:
 Turn
    1: Gadzook the neutral male human Wizard entered the dungeon
 1159: attained the rank of Conjurer (level 3)
 1179: entered the Gnomish Mines
 1871: was bestowed with Magicbane by Thoth
 2578: killed by a kitten called Catbeiri

Spells:
 Name                 Level Category     Fail Retention
 force bolt             1   attack         4%   81%-90%
 magic missile          2   attack         0%   81%-90%
 light                  1   divination     4%  76%-100%

Skills:
 Fighting Skills
   bare handed combat [Unskilled]
   riding             [Unskilled]
 Weapon Skills
   dagger             [Unskilled]
   knife              [Unskilled]
   axe                [Unskilled]
   short sword        [Unskilled]
   club               [Unskilled]
   mace               [Unskilled]
   quarterstaff       [Basic]
   polearms           [Unskilled]
   spear              [Unskilled]
   trident            [Unskilled]
   sling              [Unskilled]
   dart               [Unskilled]
   shuriken           [Unskilled]
 Spellcasting Skills
   attack spells      [Basic]
   healing spells     [Unskilled]
   divination spells  [Unskilled]
   enchantment spells [Basic]
   clerical spells    [Unskilled]
   escape spells      [Unskilled]
   matter spells      [Unskilled]

Voluntary challenges:
 Character rerolling was not enabled.
 You never genocided any monsters.
 You never polymorphed an object.
 You never changed form.
 You used no wishes.
Achievements:
 You attained the rank of Conjurer.
 You entered the Gnomish Mines.

 The Dungeons of Doom: levels 1 to 4
    Level 1:
       A fountain.
    Level 2:
       An altar to Thoth.
    Level 3:
       A fountain.
    Level 4:
       Stairs down to The Gnomish Mines.
 The Gnomish Mines: levels 5 to 6
    Level 5:
    Level 6: <- You were here.
       A grave.
       Final resting place for
          you, killed by a kitten called Catbeiri,
          EricHerman-Wiz-Gno-Fem-Neu, killed by a dwarf.


Vanquished creatures:
  a rock piercer
  2 gnome leaders
  2 floating eyes
  a kitten
  2 dwarves
  a hill orc
  4 rothes
  3 giant bats
  3 dwarf zombies
  a gas spore
  a hobbit
  2 large kobolds
  a giant rat
  a cave spider
  a yellow mold
  a green mold
  2 red molds
  7 gnomes
  a garter snake
  2 geckos
  2 jackals
  a fox
  2 kobolds
  a goblin
  3 sewer rats
  2 grid bugs
  2 lichens
  5 newts
57 creatures vanquished.

No species were genocided or became extinct.

Game over:
                       ----------
                      /          \
                     /    REST    \
                    /      IN      \
                   /     PEACE      \
                  /                  \
                  |     Gadzook      |
                  |      78 Au       |
                  |   killed by a    |
                  |  kitten called   |
                  |     Catbeiri     |
                  |                  |
                  |       2026       |
                 *|     *  *  *      | *
        _________)/\\_//(\/(/\)/\//\/|_)_______

Goodbye Gadzook the Wizard...

You died in The Gnomish Mines on dungeon level 6 with 1421 points,
and 78 pieces of gold, after 2578 moves.
You were level 5 with a maximum of 40 hit points when you died.

